 Dungeon Crawl Stone Soup version 0.29-a0-872-g797fff5ad1 (console) character file.

Game seed: 12217866089506041783

7388 Banquo the Thaumaturge (level 11, -3/67 HPs)
             Began as an Octopode Venom Mage on July 19, 2022.
             Was a Believer of Vehumet.
             Slain by a black mamba (18 damage)
             ... on level 1 of the Lair of Beasts.
             The game lasted 00:59:41 (11142 turns).

Banquo the Thaumaturge (Octopode Venom Mage)       Turns: 11142, Time: 00:59:42

Health: -3/67      AC:  1    Str:  8    XL:     11   Next: 14%
Magic:  4/26       EV: 18    Int: 21    God:    Vehumet [**....]
Gold:   842        SH:  0    Dex: 13    Spells: 16/32 levels left

rFire   . . .      SeeInvis .   (no weapon)
rCold   + . .      Faith    .   (no shield)
rNeg    . . .      Spirit   .   (helmet restricted)
rPois   .          Reflect  .   c - amulet of magic regeneration
rElec   .          Harm     .   V - +4 ring of evasion
rCorr   .          Rampage  .   C - ring of protection from cold
Will    .....                   (no ring)
Stlth   ++++......              (no ring)
HPRegen 0.21/turn               (no ring)
MPRegen 0.60/turn               (no ring)
                                (no ring)
                                (no ring)

@: very slightly contaminated
A: almost no armour, amphibious, 8 rings, camouflage 1, gelatinous body 1,
(nimble swimmer 1), tentacles
a: Renounce Religion


You were on level 1 of the Lair of Beasts.
You worshipped Vehumet.
Vehumet was pleased with you.
You visited 3 branches of the dungeon, and saw 10 of its levels.
You also visited: Bailey.

You collected 870 gold pieces.
You spent 28 gold pieces at shops.

Inventory:

Hand Weapons
 a - a +3 short sword
 g - a +5 flail
 r - a +1 whip of venom
 B - a +1 vampiric spear
 D - a +1 mace of holy wrath
Missiles
 f - 40 poisoned darts
 k - 102 stones
 t - 23 boomerangs
 A - 4 throwing nets
Jewellery
 c - an amulet of magic regeneration (around mantle)
 C - a ring of protection from cold (right tentacle)
 M - an amulet of regeneration
 V - a +4 ring of evasion (left tentacle)
Wands
 b - a wand of mindburst (20)
 h - a wand of flame (25)
Scrolls
 i - a scroll of identify
 m - a scroll of magic mapping
 y - 4 scrolls of teleportation
 E - 3 scrolls of poison
 K - a scroll of blinking
Potions
 d - 2 potions of ambrosia
 e - 3 potions of brilliance
 l - 6 potions of curing
 n - a potion of magic
 p - 2 potions of lignification
 s - a potion of haste
 u - 3 potions of berserk rage
 w - a potion of flight
 x - a potion of heal wounds
 z - a potion of cancellation
 F - a potion of mutation {unknown}


   Skills:
 + Level 3.5 Fighting
 + Level 4.3 Dodging
 + Level 6.3 Stealth
 + Level 11.3 Spellcasting
 * Level 6.1 Conjurations
 - Level 4.3 Transmutations
 - Level 4.0 Air Magic
 * Level 3.5 Earth Magic
 - Level 8.0 Poison Magic


You had 16 spell levels left.
You knew the following spells:

 Your Spells              Type           Power      Damage    Failure   Level
a - Sting                 Tmut/Pois      100%       1d8       1%          1
b - Stone Arrow           Conj/Erth      64%        3d11      2%          3
c - Mephitic Cloud        Conj/Pois/Air  37%        N/A       1%          3
i - Ignite Poison         Fire/Tmut/Pois 29%        N/A       3%          3
z - Poisonous Vapours     Pois/Air       74%        N/A       1%          2
O - Olgreb's Toxic Radia  Pois           45%        N/A       1%          4

Your spell library contained the following spells:

 Spells                   Type           Power      Damage    Failure   Level
 Frozen Ramparts          Ice            22%        1d4       17%         3
 Magic Dart               Conj           100%       1d8       1%          1
 Searing Ray              Conj           74%        2d7       1%          2
 Conjure Flame            Conj/Fire      24%        6-21      4%          3
 Dazzling Flash           Conj/Hex       48%        N/A       4%          3
 Apportation              Tloc           22%        N/A       5%          1
 Necrotise                Necr           44%        1d6       5%          1
 Summon Small Mammal      Summ           44%        N/A       5%          1
 Fulminant Prism          Conj/Hex       12%        3d9       16%         4
 Iskenderun's Mystic Bla  Conj/Tloc      24%        2d7       16%         4
 Sticky Flame             Conj/Fire      24%        2d5       16%         4
 Passage of Golubria      Tloc           11%        N/A       50%         4
 Silence                  Hex/Air        10%        N/A       56%         5
 Starburst                Conj/Fire      12%        6d5       94%         6
 Lehudib's Crystal Spear  Conj/Erth      16%        10d5      100%        8
 Animate Armour           Summ/Erth      Unusable   N/A       N/A         4

Dungeon Overview and Level Annotations

Branches:
Dungeon (8/15)             Temple (1/1) D:5            Lair (1/5) D:8
 Bailey (visited)

Altars:
Ashenzari
Cheibriados
Dithmenos
Elyvilon
Fedhas
Gozag
Hepliaklqana
Kikubaaqudgha
Makhleb
Nemelex Xobeh
Okawaru
Qazlal
Ru
Sif Muna
Trog
Uskayaw
Vehumet
Wu Jian
Xom
Yredelemnul
Zin
The Shining One

Shops:
D:3 ?

Annotations:
D:2 1 runed translucent door, Crazy Yiuf
D:5 3 runed translucent doors, Malachi's ghost, amateur TrMo


Innate Abilities, Weirdness & Mutations

You cannot wear most types of armour.
You are amphibious.
You can wear up to eight rings at the same time.
Your skin changes colour to match your surroundings (Stealth+).
Your rubbery body absorbs attacks. (AC +1, EV +1)
((You are camouflaged when in or above water. (Stealth+)))
You have tentacles for arms and can constrict up to eight enemies at once.


Message History

Unknown command.
Casting: Ignite Poison (dangerous; 3% risk of failure)
Confirm with . or Enter, or press ? or * to list all spells.
Aiming: Stone Arrow (dangerous; 2% risk of failure)
Press: ? - help, Shift-Dir - straight line, f - black mamba
Aim: a black mamba (flame, heavily wounded, 57% to hit)
The stone arrow misses the black mamba.
The black mamba is engulfed in blazing flames.
The black mamba bites you!
The black mamba is engulfed in blazing flames.
The black mamba bites you.
Casting: Stone Arrow (dangerous; 2% risk of failure)
Confirm with . or Enter, or press ? or * to list all spells.
Aiming: Stone Arrow (dangerous; 2% risk of failure)
Press: ? - help, Shift-Dir - straight line, f/p - black mamba
Aim: a black mamba (flame, almost dead, 57% to hit)
The stone arrow hits the black mamba!
You kill the black mamba!
Vehumet accepts your kill.
The black mamba is engulfed in blazing flames.
The black mamba bites you!
* * * LOW HITPOINT WARNING * * *
Unknown command.
Casting: Stone Arrow (dangerous; 2% risk of failure)
Confirm with . or Enter, or press ? or * to list all spells.
Aiming: Stone Arrow (dangerous; 2% risk of failure)
Press: ? - help, Shift-Dir - straight line, f - black mamba
Aim: a black mamba (flame, lightly wounded, 57% to hit)
The stone arrow misses the black mamba.
The black mamba is engulfed in blazing flames.
The black mamba barely misses you.
The black mamba is engulfed in blazing flames.
The black mamba barely misses you.
Casting: Stone Arrow (dangerous; 2% risk of failure)
Confirm with . or Enter, or press ? or * to list all spells.
Aiming: Stone Arrow (dangerous; 2% risk of failure)
Press: ? - help, Shift-Dir - straight line, f/p - black mamba
Aim: a black mamba (heavily wounded, 57% to hit)
The stone arrow misses the black mamba.
The black mamba bites you!!
You die...

.....## ........# ........#
........# ........# ###
........###.##
.............##
..............#
.............@#
....#...........S#
.....#..........°..#
...................#
....................#
........#............
........##...............#
........##...............##
...........................


You could see a black mamba.

Vanquished Creatures
  A hydra (Lair:1)
  Joseph (D:7)
  An elephant (D:8)
  A black mamba (Lair:1)
  A komodo dragon (Lair:1)
  3 wyverns
  5 yaks
  Menkaure (D:7)
  5 water moccasins
  Duvessa (D:4)
  4 orc warriors (Bailey)
  3 black bears
  2 sky beasts
  2 ogres
  A centaur (D:8)
  2 phantoms
  6 kobold brigands
  A bullfrog (D:7)
  A gnoll sergeant (D:5)
  A necrophage (D:6)
  3 scorpions
  12 wights
  Dowan (D:4)
  3 killer bees (D:8)
  A howler monkey (D:4)
  2 jellies
  An orc priest (D:7)
  4 hounds
  4 iguanas
  2 orc wizards
  16 gnolls
  5 adders
  A shadow imp (D:6)
  A white imp (D:7)
  2 ufetubi
  5 worms
  A dart slug (D:2)
  24 orcs
  10 endoplasms
  4 giant cockroaches
  5 goblins
  8 hobgoblins
  2 jackals (D:4)
  4 quokkas
  5 ball pythons
  6 bats
  5 frilled lizards
  27 kobolds
  7 rats
214 creatures vanquished.

Vanquished Creatures (others)
  4 fungi (D:2)
  16 plants
20 creatures vanquished.

Grand Total: 234 creatures vanquished

Notes
Turn   | Place    | Note
-------+----------+-------------------------------------------
     0 | D:1      | Banquo the Octopode Venom Mage began the quest for the Orb.
     0 | D:1      | Reached XP level 1. HP: 11/11 MP: 3/3
   464 | D:1      | Reached XP level 2. HP: 10/17 MP: 1/5
   481 | D:1      | Learned a level 2 spell: Poisonous Vapours
  1731 | D:2      | Found a faded altar of an unknown god.
  1763 | D:2      | Reached XP level 3. HP: 21/21 MP: 0/6
  1767 | D:2      | Learned a level 3 spell: Mephitic Cloud
  2789 | D:2      | Reached XP level 4. HP: 27/27 MP: 4/7
  3001 | D:2      | Reached skill level 1 in Air Magic
  3126 | D:2      | Found a runed translucent door.
  3127 | D:2      | Noticed Crazy Yiuf
  3936 | D:2      | Found a runed translucent door.
  3998 | D:2      | Found a faded altar of an unknown god.
  4182 | D:3      | Found a glowing golden altar of the Shining One.
  4206 | D:3      | Reached skill level 3 in Spellcasting
  4238 | D:3      | Found a white marble altar of Elyvilon.
  4240 | D:3      | Found Ujaycod's Magic Scroll Shop.
  4328 | D:3      | Found an ancient bone altar of Kikubaaqudgha.
  4455 | D:3      | Identified the +0 robe of Omission {rF- rC+ Str+3}
  4478 | D:3      | Reached XP level 5. HP: 5/31 MP: 9/9
  4787 | D:3      | Bought a scroll of identify for 28 gold pieces
  4798 | D:2      | Reached skill level 5 in Spellcasting
  4798 | D:2      | Reached XP level 6. HP: 42/42 MP: 9/14
  4804 | D:2      | Learned a level 4 spell: Olgreb's Toxic Radiance
  4916 | D:3      | Learned a level 3 spell: Ignite Poison
  5292 | D:4      | Reached skill level 6 in Spellcasting
  5330 | D:4      | Noticed a black bear
  5334 | D:4      | Killed a black bear
  5335 | D:4      | Reached XP level 7. HP: 46/46 MP: 6/16
  5432 | D:4      | Noticed Dowan
  5433 | D:4      | Noticed Duvessa
  5437 | D:4      | Killed Dowan
  5437 | D:4      | Killed Duvessa
  5806 | D:4      | Found a stormy altar of Qazlal.
  5806 | D:4      | Found an ornate altar of the Wu Jian Council.
  5808 | D:4      | Found a shadowy altar of Dithmenos.
  5973 | D:4      | Reached skill level 7 in Spellcasting
  6525 | D:5      | Entered Level 5 of the Dungeon
  6613 | D:5      | Reached XP level 8. HP: 52/52 MP: 7/18
  6696 | D:5      | Found a staircase to the Ecumenical Temple.
  6711 | Temple   | Entered the Ecumenical Temple
  6757 | Temple   | Became a worshipper of Vehumet
  6878 | D:5      | Found a sacrificial altar of Ru.
  7415 | D:5      | Found an opulent altar of Gozag.
  7435 | D:5      | Found a runed translucent gate.
  7435 | D:5      | Found a runed translucent gate.
  7435 | D:5      | Found an opulent altar of Gozag.
  7435 | D:5      | Found a runed translucent gate.
  7437 | D:5      | Noticed Malachi's ghost (amateur TrMo)
  7543 | D:5      | Learned a level 3 spell: Stone Arrow
  7772 | D:6      | Reached skill level 8 in Spellcasting
  7848 | D:6      | Found a broken altar of Ashenzari.
  7909 | D:6      | Reached skill level 1 in Earth Magic
  8012 | D:6      | Reached XP level 9. HP: 57/57 MP: 10/21
  8256 | D:7      | Reached * piety under Vehumet
  8256 | D:7      | Offered knowledge of Sandblast by Vehumet.
  8350 | D:7      | Noticed Menkaure
  8424 | D:7      | Found a flagged portal.
  8442 | Bailey   | Entered a bailey
  8602 | Bailey   | Offered knowledge of Shock by Vehumet.
  8603 | Bailey   | Reached skill level 9 in Spellcasting
  8759 | Bailey   | Found a burning altar of Makhleb.
  9043 | D:7      | Noticed Joseph
  9050 | D:7      | Killed Joseph
  9145 | D:7      | Reached XP level 10. HP: 63/63 MP: 17/23
  9174 | D:7      | Killed Menkaure
  9467 | D:8      | Reached ** piety under Vehumet
  9594 | D:8      | Reached skill level 5 in Conjurations
  9719 | D:8      | Noticed an elephant
  9734 | D:8      | Killed an elephant
  9735 | D:8      | Reached skill level 10 in Spellcasting
 10011 | D:8      | Found a staircase to the Lair.
 10056 | D:8      | Found a basalt altar of Yredelemnul.
 10056 | D:8      | Found a blossoming altar of Fedhas.
 10060 | D:8      | Found a hazy altar of Hepliaklqana.
 10063 | D:8      | Found a snail-covered altar of Cheibriados.
 10292 | D:8      | Found an iron altar of Okawaru.
 10376 | D:8      | Found a sparkling altar of Nemelex Xobeh.
 10752 | Lair:1   | Entered Level 1 of the Lair of Beasts
 10784 | Lair:1   | Noticed a black mamba
 10830 | Lair:1   | Offered knowledge of Frozen Ramparts by Vehumet.
 10837 | Lair:1   | Noticed an eight-headed hydra
 10883 | Lair:1   | Killed an eight-headed hydra
 10884 | Lair:1   | Reached skill level 11 in Spellcasting
 10884 | Lair:1   | Reached XP level 11. HP: 67/67 MP: 11/26
 11142 | Lair:1   | Slain by a black mamba

Illustrated notes

Levels and vault maps discovered:
D:1:      minmay_arrival_pointy, layout_basic, serial_bayou_crossing
D:2:      minmay_spotlight, layout_basic, shapermc_ecumenical_altar_acropolis,
          minmay_fractal_squares_5, uniq_crazy_yiuf_cottage
D:3:      wander_river, layout_rooms, mainiacjoe_overflow_cross_hatched,
          kiku_gazebo_pond_becter, tso_metal_star, serial_shops, shop_statue
D:4:      layout_cave_pods, minitemple, uniq_duvessa
D:5:      layout_layer_cave, lemuel_crystal_altar,
          nicolae_overflow_crystal_walls, minmay_temple_entry_tees,
          ebering_ghost_gozag, minmay_misc_feat_tower
D:6:      layout_basic, cheibrodos_ashenzari_chains
D:7:      layout_basic, enter_bailey_6, bh_walls_and_bars, uniq_menkaure,
          uniq_joseph
D:8:      layout_basic, kennysheep_mini_moat, grunt_temple_overflow_cloverleaf,
          nemelex_spade_bored_becter, david_lair_generic
Temple:   nicolae_temple_little_seven
Lair:1:   layout_hall_layers, chequers_serial_rivers_small_b,
          beast_lair_carwin_3, serial_bayou_shore_a

Skill      XL: |  1  2  3  4  5  6  7  8  9 10 |
---------------+-------------------------------+-----
Poison Magic   | 4 7 8 |  8.0
Air Magic      | 1 4 |  4.0
Spellcasting   | 3 5 6 7 8 9 11 | 11.3
Stealth        | 3 6 |  6.3
Transmutations | 2 4 |  4.3
Fighting       | 3 |  3.5
Dodging        | 4 |  4.3
Conjurations   | 3 4 6 |  6.1
Earth Magic    | 1 2 3 |  3.5

Action                   |  1- 3 |  4- 6 |  7- 9 | 10-12 || total
-------------------------+-------+-------+-------+-------++-------
Melee: Unarmed           |    15 |       |       |       ||    15
       Tentacles         |     5 |     7 |     1 |       ||    13
       Constrict         |     5 |     4 |     3 |       ||    12
       Punch             |     1 |       |       |       ||     1
       Short sword       |    16 |    27 |       |       ||    43
       Rapier            |       |       |     8 |       ||     8
 Cast: Sting             |    27 |    10 |     4 |       ||    41
       Poisonous Vapours |    35 |    25 |    27 |     5 ||    92
       Olgreb's Toxic Ra |       |     3 |    45 |    22 ||    70
       Ignite Poison     |       |     3 |    32 |    24 ||    59
       Mephitic Cloud    |       |       |    12 |    15 ||    27
       Stone Arrow       |       |       |    25 |    30 ||    55
  Use: Scroll            |       |     5 |    14 |       ||    19
       Potion            |       |     1 |       |       ||     1
 Stab: Sleeping          |     1 |     2 |       |       ||     3
Armor: Skin              |     1 |     1 |     1 |       ||     3
Dodge: Dodged            |    23 |    23 |    26 |    11 ||    83

Table legend: (Time is in decaauts)
 A = Elapsed time spent in this place.
 B = Non-inter-level travel time spent in this place.
 C = Inter-level travel time spent in this place.
 D = Time resting spent in this place.
 E = Time spent auto-exploring this place.
 F = Levels seen in this place.
 G = Mean time per level.
                   A        B        C        D        E       F      G
               +--------+--------+--------+--------+--------+-----+--------+
         Total |  11153 |  10383 |    770 |   1408 |   6439 |  11 | 1013.9 |
       Dungeon |  10360 |   9603 |    757 |   1221 |   6204 |   8 | 1295.0 |
        Temple |     54 |     41 |     13 |      0 |     32 |   1 |   54.0 |
          Lair |    389 |    389 |      0 |     66 |    203 |   1 |  389.0 |
        Bailey |    347 |    347 |      0 |    121 |      0 |   1 |  347.0 |
               +--------+--------+--------+--------+--------+-----+--------+

Top non-repeatable levels by time:
     D:2: 2572 daAuts
     D:1: 1633 daAuts
     D:4: 1303 daAuts
     D:7: 1216 daAuts
     D:3: 1133 daAuts
     D:8: 992 daAuts
     D:5: 939 daAuts
     D:6: 568 daAuts
  Lair:1: 389 daAuts
  Bailey: 347 daAuts
  Temple: 54 daAuts
